 Dungeon Crawl Stone Soup version 0.22-a0-551-g3b2bdd4ba6 (webtiles) character file.

270 Hercules1031 the Skirmisher (level 6, -6/55 HPs)
             Began as a Hill Orc Fighter on June 25, 2018.
             Was an Initiate of Beogh.
             Mangled by an ogre
             ... wielding a +0 giant spiked club
              (18 damage)
             ... on level 5 of the Dungeon.
             The game lasted 00:08:29 (3406 turns).

Hercules1031 the Skirmisher (Hill Orc Fighter)      Turns: 3406, Time: 00:08:29

Health: -6/55      AC:  8    Str: 26    XL:     6   Next: 22%
Magic:  6/6        EV:  8    Int:  8    God:    Beogh [......]
Gold:   240        SH: 10    Dex: 10    Spells: 5/5 levels left

rFire    . . .     SeeInvis .   a - +0 war axe
rCold    . . .     Gourm    .   c - +0 shield
rNeg     . . .     Faith    .   b - +0 scale mail
rPois    +         Spirit   .   k - +0 helmet
rElec    .         Reflect  .   (no cloak)
rCorr    .         Harm     .   (no gloves)
MR       .....                  (no boots)
Stlth    ..........             (no amulet)
HPRegen  0.18/turn              s - ring of poison resistance
MPRegen  0.10/turn              (no ring)

@: mighty
A: no striking features
a: Renounce Religion


You were on level 5 of the Dungeon.
You worshipped Beogh.
Beogh was noncommittal.
You were full.

You visited 1 branch of the dungeon, and saw 5 of its levels.

You collected 240 gold pieces.

Inventory:

Hand Weapons
 a - a +0 war axe (weapon)
 l - a +0 mace of protection
Armour
 b - a +0 scale mail (worn)
 c - a +0 shield (worn)
 k - a +0 helmet (worn)
Jewellery
 s - a ring of poison resistance (left hand)
Scrolls
 e - 3 scrolls of fear {unknown}
 i - a scroll of magic mapping {unknown}
 j - 3 scrolls of teleportation {unknown}
 n - 3 scrolls of remove curse {unknown}
 r - 2 scrolls of identify
 t - a scroll of blinking {unknown}
 u - a scroll of fog {unknown}
 v - a scroll of noise {unknown}
 w - a scroll of enchant weapon {unknown}
Potions
 g - a potion of curing {unknown}
 h - a potion of flight {unknown}
 m - 3 potions of brilliance {unknown}
 o - a potion of agility {unknown}
 p - 2 potions of invisibility {unknown}
 q - a potion of lignification {unknown}
Comestibles
 f - 3 rations


   Skills:
 + Level 4.8 Fighting
 + Level 4.3 Axes
 + Level 4.4 Armour
 + Level 1.9 Dodging
 + Level 4.4 Shields


You had 5 spell levels left.
You didn't know any spells.
Your spell library was empty.

Dungeon Overview and Level Annotations

Branches:
Dungeon (5/15)
 Temple: D:4-7

Altars:
Qazlal
Wu Jian


Message History

The adder bites you but does no damage. The orc hits you with a war axe!
You hit the orc but do no damage. You hit the orc. You slash the adder!
You block the adder's attack. You block the orc's attack.
The orc completely misses you.
Unknown command.
You closely miss the orc. You slash the adder!
You kill the adder!
Beogh accepts your kill.
You hit the orc but do no damage. You block the orc's attack.
The orc hits you with a war axe.
The ogre hits you with a giant spiked club!
An orc comes into view.
You feel very mighty all of a sudden.
The orc priest invokes the aid of Beogh against you.
Beogh smites you!
* * * LOW HITPOINT WARNING * * *
You block the orc's attack. x2
You barely miss the orc. You barely miss the ogre. You barely miss the orc.
The ogre hits you with a giant spiked club!!
You die...

### #.. ######## #.#
######>.....# #.###
#....#.####.## #....
#.>..#.####..#####.###
#..oo#................
#..oo@.#####..#######.
#%..O#.# ##.# #.
#....#.# #.# #.
#....#.# #.. #.
#....#.# ##.# #.
###.!... .# #. #o###.
.# #. #. . .# ##


You could see an ogre, an orc priest and 4 orcs.

Vanquished Creatures
  2 hounds
  A centaur skeleton (D:4)
  Robin (D:2)
  5 adders
  An ooze (D:1)
  2 worms (D:2)
  3 leopard geckos
  18 orcs
  3 bats
  5 giant cockroaches
  13 goblins
  12 hobgoblins
  2 jackals (D:2)
  3 ball pythons
  5 frilled lizards
  9 kobolds
  7 rats
92 creatures vanquished.

Vanquished Creatures (others)
  A leopard gecko (D:3)
  An orc (D:3)
2 creatures vanquished.

Grand Total: 94 creatures vanquished

Notes
Turn   | Place    | Note
-------+----------+-------------------------------------------
     0 | D:1      | Hercules1031 the Hill Orc Fighter began the quest for the Orb.
     0 | D:1      | Reached XP level 1. HP: 19/19 MP: 1/1
   346 | D:1      | Reached XP level 2. HP: 14/27 MP: 2/2
  1266 | D:2      | Reached XP level 3. HP: 29/33 MP: 3/3
  1334 | D:2      | Reached skill level 1 in Dodging
  1387 | D:2      | Reached XP level 4. HP: 40/40 MP: 4/4
  1395 | D:2      | Noticed Robin
  1410 | D:2      | Killed Robin
  1789 | D:2      | Reached XP level 5. HP: 44/47 MP: 5/5
  2581 | D:3      | Became a worshipper of Beogh the Brigand
  3050 | D:4      | Found an ornate altar of the Wu Jian Council.
  3068 | D:4      | Reached XP level 6. HP: 53/53 MP: 6/6
  3134 | D:4      | Found a stormy altar of Qazlal.
  3374 | D:5      | Entered Level 5 of the Dungeon
  3406 | D:5      | Mangled by an ogre

Vault maps used:
D:1:      dpeg_arrival_water_fire
D:2:      uniq_robin
D:3:      first_ration
D:4:      nicolae_overflow_hidden_temple, grunt_qazlal_sundering
D:5:      minmay_temple_entry_hall, serial_shops, kennysheep_little_box,
          gammafunk_ghost_grave, uniq_blork_the_orc, uniq_crazy_yiuf_cottage

Skill      XL: |  1  2  3  4  5 |
---------------+----------------+-----
Axes           | 3 4 |  4.3
Fighting       | 4 |  4.8
Dodging        | 1 |  1.9
Armour         | 4 |  4.4
Shields        | 4 |  4.4

Action                   |  1- 3 |  4- 6 || total
-------------------------+-------+-------++-------
Melee: War axe           |    65 |   180 ||   245
Invok: Convert to Beogh  |       |     1 ||     1
  Use: Scroll            |       |     1 ||     1
       Potion            |       |     1 ||     1
  Eat: Ration            |     1 |     3 ||     4
Armor: Scale mail        |    50 |    86 ||   136
Dodge: Dodged            |    24 |    74 ||    98
Block: Shield            |    20 |   120 ||   140

Table legend:
 A = Spawn XP
 B = Non-spawn XP
 C = Spawn XP percentage of total XP
 D = Spawn monster count
 E = Non-spawn monster count
 F = Spawn count percentage of total count
 G = Total turns spent on level
                    A         B        C        D         E        F      G
               +---------+---------+-------+---------+---------+-------+---------
         Total |       0 |     387 |   0.0 |       0 |      92 |   0.0 |  3406
               +---------+---------+-------+---------+---------+-------+---------
           D:1 |       0 |      31 |   0.0 |       0 |      17 |   0.0 |  1261
           D:2 |       0 |     150 |   0.0 |       0 |      34 |   0.0 |   776
           D:3 |       0 |      89 |   0.0 |       0 |      33 |   0.0 |   960
           D:4 |       0 |     100 |   0.0 |       0 |       6 |   0.0 |   377
           D:5 |       0 |      17 |   0.0 |       0 |       2 |   0.0 |    32
               +---------+---------+-------+---------+---------+-------+---------
